 Dungeon Crawl Stone Soup version 0.28-a0-511-gcc94558de3 (webtiles) character file.

Game seed: 9542787039878446419

69029 Woods the Thaumaturge (level 15, -1/122 (130) HPs)
             Began as a Djinni Fire Elementalist on Sept 21, 2021.
             Was a High Priest of Ashenzari.
             Killed from afar by a starcursed mass (7 damage)
             ... with an accursed screaming
             ... on level 4 of the Abyss on Sept 22, 2021.
             The game lasted 01:07:11 (27036 turns).

Woods the Thaumaturge (Djinni Fire Elementalist)   Turns: 27036, Time: 01:07:13

HP:   -1/122 (130)  AC: 13    Str:  9    XL:     15   Next: 72%
Gold: 952           EV: 18    Int: 29    God:    Ashenzari [*****.] SH:  5 Dex: 14

rFire   + + +      SeeInvis +   z - +5 mace "Burden of the Sky" {flame, Int+8, Self, Range} (curse)
rCold   x . .      Faith    .   (no shield)
rNeg    . . .      Spirit   .   D - +0 acid dragon scales of the Wild Blue Yonder {rCorr, Cun, Self} (curse)
rPois   ∞          Reflect  +   n - +0 helmet of Ouranomancy {Cun, Fort} (curse)
rElec   +          Harm     .   j - +0 cloak of the Ruined Affliction {Cun, Self} (curse)
rCorr   +          Rampage  .   g - +0 pair of gloves of Ashenzari's Regret {Melee, Self} (curse)
Will    +....      Clarity  +   (boots unavailable)
Stlth   +++++++...              w - amulet "Shattered Sybil" {Reflect +Inv rElec Str+4 SH+5 Stlth+, Cun, Self} (curse)
HPRegen 0.30/turn               t - ring "Restrained With Me" {Slay+4, Melee, Range} (curse)
MPRegen 0.00/turn               (no ring)

@: about to teleport, flying, drained
A: sickness immunity, fire resistance 3, cold vulnerability 1, float, innate
caster, hp casting, extra vitality 1, dopey 1, weak 1
a: Renounce Religion, Evoke Invisibility, Curse Item, Shatter the Chains


You were on level 4 of the Abyss.
You worshipped Ashenzari.
Ashenzari was extremely pleased with you.
You visited 3 branches of the dungeon, and saw 18 of its levels.
You visited the Abyss 1 time.
You also visited: Ossuary.

You collected 1023 gold pieces.
You spent 71 gold pieces at shops.

Inventory:

Hand Weapons
 z - the cursed +5 mace "Burden of the Sky" (weapon) {flame, Int+8, Self, Range}
   (You took it off an orc warrior on level 8 of the Dungeon)

   It burns those it strikes, dealing additional fire damage.
   Int:       It affects your intelligence (+8).
   It has a curse which improves the following skills: Introspection: Fighting
   and Spellcasting.
   Ranged Combat: Slings, Bows, Crossbows and Throwing.
 G - the +3 Elemental Staff {rElec rF++ rC++ AC+5}
   (You acquired it on level 4 of the Abyss)

   If the wielder is skilled in Evocations, they can discharge powerful blasts
   of elemental energy when striking with it.
   It enhances your fire, ice, earth and air magic.
   AC:        It affects your AC (+5).
   rF:        It greatly protects you from fire.
   rC:        It greatly protects you from cold.
   rElec:     It insulates you from electricity.
Armour
 a - a +1 robe
 g - the cursed +0 pair of gloves of Ashenzari's Regret (worn) {Melee, Self}
   (You found it on level 5 of the Dungeon)

   It has a curse which improves the following skills: Melee Combat: Short
   Blades, Long Blades, Axes, Maces & Flails, Polearms, Staves and Unarmed
   Combat.
   Introspection: Fighting and Spellcasting.
 j - the cursed +0 cloak of the Ruined Affliction (worn) {Cun, Self}
   (You found it on level 4 of the Dungeon)

   It has a curse which improves the following skills: Cunning: Dodging and
   Stealth.
   Introspection: Fighting and Spellcasting.
 n - the cursed +0 helmet of Ouranomancy (worn) {Cun, Fort}
   (You found it on level 5 of the Dungeon)

   It has a curse which improves the following skills: Cunning: Dodging and
   Stealth.
   Fortitude: Armour and Shields.
 y - the +1 pair of gloves of Sloth {Dex+3 Stlth+}
   (You acquired it on level 4 of the Abyss)

   Dex:       It affects your dexterity (+3).
   Stlth:     It makes you more stealthy.
 A - +0 steam dragon scales
 D - the cursed +0 acid dragon scales of the Wild Blue Yonder (worn) {rCorr, Cun, Self}
   (You found it on level 9 of the Dungeon)

   rCorr:     It protects you from acid and corrosion.
   It has a curse which improves the following skills: Cunning: Dodging and
   Stealth.
   Introspection: Fighting and Spellcasting.
Jewellery
 t - the cursed ring "Restrained With Me" (left hand) {Slay+4, Melee, Range}
   (You found it in an ossuary)

   [ring of slaying]

   Slay:      It affects your accuracy & damage with ranged weapons and melee
   (+4).
   It has a curse which improves the following skills: Melee Combat: Short
   Blades, Long Blades, Axes, Maces & Flails, Polearms, Staves and Unarmed
   Combat.
   Ranged Combat: Slings, Bows, Crossbows and Throwing.
 w - the cursed amulet "Shattered Sybil" (around neck) {Reflect +Inv rElec Str+4 SH+5 Stlth+, Cun, Self}
   (You acquired it in an ossuary)

   [amulet of reflection]

   It reflects blocked missile attacks.
   Str:       It affects your strength (+4).
   rElec:     It insulates you from electricity.
   +Inv:      It lets you turn invisible.
   SH:        It affects your SH (+5).
   Stlth:     It makes you more stealthy.
   It has a curse which improves the following skills: Cunning: Dodging and
   Stealth.
   Introspection: Fighting and Spellcasting.
 x - an amulet of regeneration
 F - a +6 ring of dexterity
Wands
 h - a wand of polymorph (30)
 p - a wand of mindburst (17)
 q - a wand of paralysis (17)
 I - a wand of iceblast (11)
 J - a wand of flame (11)
Scrolls
 c - 3 scrolls of fog
 e - 6 scrolls of enchant armour
 k - 5 scrolls of enchant weapon
 l - 2 scrolls of immolation
 m - 18 scrolls of identify
 r - a scroll of silence
 s - 2 scrolls of holy word
 B - a scroll of magic mapping
 E - a scroll of blinking
 K - a scroll of fear
Potions
 b - 5 potions of haste
 d - 2 potions of cancellation
 f - a potion of resistance
 i - 4 potions of mutation
 u - a potion of brilliance
 v - 2 potions of might
Miscellaneous
 H - a lightning rod (4/4)
 L - a phial of floods


   Skills:
 + Level 11.8(19.6) Fighting
 + Level 8.0(10.8) Armour
 + Level 8.9(15.5) Dodging
 + Level 8.7(15.2) Stealth
 - Level 13.8(21.6) Spellcasting


You had 20 spell levels left.
You knew the following spells:

 Your Spells              Type           Power      Damage    Failure   Level
a - Foxfire               Conj/Fire      100%       2x1d9     0%          1
b - Scorch                Fire           100%       2d10      0%          2
c - Conjure Flame         Conj/Fire      100%       6-21      0%          3
d - Inner Flame           Hex/Fire       100%       N/A       0%          3
e - Flame Wave            Conj/Fire      100%       3d16      0%          4
f - Beastly Appendage     Tmut           100%       N/A       0%          1
g - Call Imp              Summ           100%       N/A       0%          2
h - Ensorcelled Hibernat  Hex/Ice        100%       N/A       0%          2
i - Ignite Poison         Fire/Tmut/Pois 100%       N/A       0%          3
j - Blade Hands           Tmut           51%        N/A       0%          5
k - Agony                 Necr           100%       N/A       0%          5
l - Conjure Ball Lightni  Conj/Air       51%        3x3d18    1%          6
Your spell library was empty.

Dungeon Overview and Level Annotations

Branches:
Dungeon (11/15)            Temple (1/1) D:5            Lair (6/6) D:8
 Shoals (0/4) Lair:4       Spider (0/4) Lair:4        Slime (0/5) Lair:5
Ossuary (visited)
    Orc: D:9-12

Altars:
Ashenzari
Cheibriados
Dithmenos
Elyvilon
Fedhas
Gozag
Hepliaklqana
Kikubaaqudgha
Makhleb
Okawaru
Qazlal
Ru
Sif Muna
Trog
Uskayaw
Vehumet
Wu Jian
Xom
Yredelemnul
Zin
The Shining One
Jiyva

Shops:
D:5 *

Annotations:
D:10 2 transporters, jasper's ghost, novice DsCA
Lair:5 1 runed translucent door


Innate Abilities, Weirdness & Mutations

You are immune to sickness and miasma.
You are immune to poison.
Your flesh is almost immune to the effects of heat. (rF+++)
You are vulnerable to cold. (rC-)
You float through the air rather than walking.
You learn spells naturally, not from books.
Your magical power is your life essence.
You have superior vitality. (+4 HP)
You are dopey. (Int -2)
You are weak. (Str -2)


Message History

* * * LOW HITPOINT WARNING * * *
As you read the scroll of holy word, it crumbles to dust.
You speak a Word of immense power!
The blizzard demon convulses!
You kill the blizzard demon!
The neqoxec convulses!
You kill the neqoxec!
Your base Armour skill increases to level 8!
Press: ? - help, v - describe, . - travel
Here: a starcursed mass (lightly damaged, more vulnerable to fire)
The floor.
Saving game... please wait.
Welcome back, Woods the Djinni Fire Elementalist.
Ashenzari says: Partake of my vision.
Partake of my curse.
Press ? for a list of commands and other information.
You feel drained.
You fail to use your ability.
A starcursed mass splits.
A raiju comes into view.
The neqoxec hits you but does no damage.
You feel better. The neqoxec hits you.
* * * LOW HITPOINT WARNING * * *
A starcursed mass splits.
As you read the scroll of teleportation, it crumbles to dust.
You feel strangely unstable.
You feel the power of the Abyss delaying your translocation!
The starcursed mass is no longer more vulnerable to fire. x4
You block the neqoxec's attack. The starcursed mass touches you!
* * * LOW HITPOINT WARNING * * *
As you read the scroll of fog, it crumbles to dust.
The scroll dissolves into smoke.
The neqoxec barely misses you.
The starcursed mass touches you but does no damage.
The neqoxec gestures at you.
Strange energies course through your body.
You feel stupid.
A raiju comes into view.
As you read the scroll of fog, it crumbles to dust.
The scroll dissolves into smoke.
The neqoxec hits you.
* * * LOW HITPOINT WARNING * * *
The large abomination hits you.
* * * LOW HITPOINT WARNING * * *
A chorus of shrieks assaults your mind.
You die...

, , , ,_ , , , *
*, * ,* ** , , ,
** * ,* , ,
,,,,*, , , , * ,
* * * ,
*#####,####### *
, , ,, ,* * .....
#.....## * , , *
,
....h§#..#...##*
, ,
,,.....§#§§§....#
, ,,* , *
....§§§X§§.....*
, ,, ,,, §§
..#@X§....# ,,, *
,* ,
§....#3§§..5##*,
, * * ,
*{§XX#X§§..##* ,
, *, , ,* ,,
X###X###### , **
* * * *,,#§###.G
# **, ,*, *
*⌠§#### ## **, *,
*, , , #§##§##
*,,,,, **,*, , '*
** * *,, * , * ,
,,* , ** * ,, ,,
,


You could see 4 starcursed masses, a tentacled starspawn, a large abomination, a
raiju (wandering) and a neqoxec.

Vanquished Creatures
  A starcursed mass (Abyss:4)
  A blizzard demon (Abyss:4)
  Snorg (Lair:5)
  A rakshasa (Abyss:4)
  3 hydras
  3 two-headed ogres
  10 death yaks
  A wretched star (Abyss:4)
  3 sixfirhies (Abyss:4)
  A flayed ghost (D:9)
  3 manticores (D:11)
  5 elephants (Lair:5)
  5 black mambas
  A gargoyle (D:11)
  10 cane toads
  A torpor snail (Lair:4)
  A kobold demonologist (D:9)
  8 komodo dragons
  A rime drake (Lair:4)
  A jumping spider (Lair:4)
  8 polar bears
  A large abomination (Abyss:4)
  2 hornets
  A troll (D:9)
  3 dream sheep (Lair:4)
  A blink frog (Abyss:3)
  2 meliai zombies (D:11)
  6 flying skulls (Abyss:4)
  2 shadows
  An air elemental (Abyss:3)
  31 yaks
  7 wyverns
  A vampire (D:10)
  4 basilisks
  A neqoxec (Abyss:4)
  6 steam dragons
  2 wraiths
  3 vampire mosquitoes
  A chaos spawn (Abyss:4)
  Menkaure (Ossuary)
  An acid dragon (D:9)
  12 water moccasins
  10 orc warriors
  3 sky beasts
  4 black bears
  A necrophage (D:7)
  An ogre (D:4)
  3 wolves (Lair:5)
  5 centaurs
  2 phantoms
  2 kobold brigands
  An elf zombie (Ossuary)
  11 bullfrogs
  A gnoll sergeant (D:11)
  4 scorpions
  3 small abominations (Abyss:4)
  2 water moccasin skeletons (D:4)
  A troll zombie (Ossuary)
  10 wights
  6 howler monkeys
  7 centaur zombies
  3 hounds
  A gnoll shaman (D:5)
  A jelly (D:6)
  5 orc priests
  Jessica (D:2)
  5 iguanas
  8 orc wizards
  A scorpion zombie (D:5)
  A killer bee zombie (D:7)
  An ogre zombie (Ossuary)
  6 mummies (Ossuary)
  3 howler monkey zombies
  11 gnolls
  A howler monkey skeleton (D:6)
  4 adders
  A shadow imp (D:7)
  5 white imps
  2 ufetubi
  6 adder zombies (Ossuary)
  2 worms
  A dart slug (D:1)
  29 orcs
  11 ball pythons
  6 endoplasms
  2 giant cockroaches
  2 gnoll zombies (Ossuary)
  6 goblins
  8 hobgoblins
  7 jackals (D:1)
  2 quokkas (D:1)
  A bat (D:1)
  A frilled lizard (D:1)
  A goblin zombie (Ossuary)
  3 hobgoblin zombies (Ossuary)
  18 kobolds
  3 kobold zombies (Ossuary)
  An orc zombie (Ossuary)
  4 quokka zombies (Ossuary)
  4 rats
  4 rat zombies (Ossuary)
417 creatures vanquished.

Vanquished Creatures (collateral kills)
  An ogre (D:7)
  Ijyb (D:3)
  A worm (D:3)
  11 foxfires
14 creatures vanquished.

Vanquished Creatures (others)
  Nessos (Lair:5)
  3 ball lightnings (Abyss:4)
  909 foxfires
  19 fungi
  40 plants
972 creatures vanquished.

Grand Total: 1403 creatures vanquished

Notes
Turn   | Place    | Note
-------+----------+-------------------------------------------
     0 | D:1      | Woods the Djinni Fire Elementalist began the quest for the
                  | Orb.
     0 | D:1      | Reached XP level 1. HP: 15/15 MP: 0/0
   248 | D:1      | Reached XP level 2. HP: 18/22 MP: 0/0
   251 | D:1      | Reached skill level 1 in Fighting
   711 | D:1      | Reached XP level 3. HP: 25/27 MP: 0/0
   711 | D:1      | Learned a level 1 spell: Beastly Appendage
  1101 | D:1      | Found a faded altar of an unknown god.
  1239 | D:2      | Found a white marble altar of Elyvilon.
  1245 | D:2      | Noticed Jessica
  1249 | D:2      | Killed Jessica
  1250 | D:2      | Reached skill level 3 in Spellcasting
  1250 | D:2      | Reached XP level 4. HP: 32/34 MP: 0/0
  1387 | D:2      | Reached XP level 5. HP: 19/40 MP: 0/0
  1387 | D:2      | Learned a level 2 spell: Call Imp
  2931 | D:3      | Noticed Ijyb
  2937 | D:3      | Killed Ijyb
  2938 | D:3      | Reached XP level 6. HP: 43/47 MP: 0/0
  3380 | D:3      | Reached skill level 4 in Spellcasting
  3621 | D:4      | Noticed an ogre
  3628 | D:4      | Killed an ogre
  3838 | D:4      | Reached XP level 7. HP: 47/53 MP: 0/0
  3838 | D:4      | Learned a level 2 spell: Ensorcelled Hibernation
  4147 | D:4      | Reached skill level 5 in Fighting
  4540 | D:4      | Reached skill level 5 in Spellcasting
  5080 | D:5      | Entered Level 5 of the Dungeon
  5369 | D:5      | Reached XP level 8. HP: 53/59 MP: 0/0
  5494 | D:5      | Found Iptuymm's General Store.
  5497 | D:5      | Bought a scroll of identify for 26 gold pieces
  5497 | D:5      | Bought a scroll of immolation for 45 gold pieces
  5792 | D:5      | Found a staircase to the Ecumenical Temple.
  5908 | Temple   | Entered the Ecumenical Temple
  6104 | Temple   | Became a worshipper of Ashenzari the Shackled
  6231 | D:5      | Reached skill level 6 in Spellcasting
  6551 | D:6      | Found an opulent altar of Gozag.
  6691 | D:6      | Reached skill level 7 in Spellcasting
  6879 | D:6      | Reached XP level 9. HP: 41/65 MP: 0/0
  6879 | D:6      | Learned a level 3 spell: Ignite Poison
  7417 | D:7      | Reached skill level 8 in Spellcasting
  7522 | D:7      | Found a sand-covered staircase.
  7647 | Ossuary  | Entered an ossuary
  8667 | Ossuary  | Noticed Menkaure
  8668 | Ossuary  | Identified a scroll of acquirement
  8675 | Ossuary  | Killed Menkaure
  8676 | Ossuary  | Reached skill level 9 in Spellcasting
  9029 | Ossuary  | Acquired the amulet "Rynotin" {Reflect +Inv rElec Str+4
                  | SH+5 Stlth+}
  9090 | D:7      | Found a bloodstained altar of Trog.
  9543 | D:7      | Found a shadowy altar of Dithmenos.
  9569 | D:7      | Found a shimmering altar of Xom.
  9744 | D:7      | Reached XP level 10. HP: 58/70 MP: 0/0
 10071 | D:7      | Found a burning altar of Makhleb.
 10203 | D:8      | Reached skill level 10 in Spellcasting
 10377 | D:8      | Noticed a death yak
 10379 | D:8      | Noticed a death yak
 10380 | D:8      | Noticed a death yak
 10652 | D:8      | Noticed a cyclops
 10658 | D:8      | Noticed a centaur warrior
 10975 | D:8      | Reached skill level 5 in Dodging
 11255 | D:8      | Found a staircase to the Lair.
 11324 | D:8      | Noticed a death yak
 11357 | D:8      | Killed a death yak
 11497 | D:8      | Noticed a death yak
 11562 | D:8      | Noticed a death yak
 11573 | D:8      | Noticed a death yak
 11586 | D:8      | Killed a death yak
 11587 | D:8      | Reached XP level 11. HP: 50/81 MP: 0/0
 11587 | D:8      | Learned a level 5 spell: Blade Hands
 12389 | D:8      | Identified the +5 mace "Bingo" {flame, Int+8}
 12654 | D:7      | HP: 2/81 [cyclops/large rock (40)]
 14279 | D:9      | Noticed a two-headed ogre
 14279 | D:9      | Noticed a flayed ghost
 14629 | D:9      | Killed a two-headed ogre
 14630 | D:9      | Reached skill level 11 in Spellcasting
 14890 | D:9      | Reached * piety under Ashenzari
 14982 | D:9      | Killed a flayed ghost
 15275 | D:9      | Noticed a two-headed ogre
 16240 | D:10     | Entered Level 10 of the Dungeon
 16384 | D:10     | Reached XP level 12. HP: 77/89 MP: 0/0
 16515 | D:10     | Found a transporter.
 16516 | D:10     | Noticed jasper's ghost (novice DsCA)
 16517 | D:10     | Noticed a two-headed ogre
 16585 | D:10     | Reached skill level 12 in Spellcasting
 16699 | D:10     | Found a transporter.
 17026 | D:10     | Found a glowing golden altar of the Shining One.
 17835 | D:11     | Noticed a centaur warrior
 17862 | D:11     | Noticed a boulder beetle
 17979 | Lair:1   | Entered Level 1 of the Lair of Beasts
 17995 | Lair:1   | Found a broken altar of Ashenzari.
 18101 | Lair:1   | Reached ** piety under Ashenzari
 18292 | Lair:1   | Reached skill level 1 in Armour
 18573 | Lair:1   | Reached *** piety under Ashenzari
 19564 | Lair:2   | Noticed an eight-headed hydra
 19572 | Lair:2   | Killed an eight-headed hydra
 20228 | Lair:2   | Noticed a four-headed hydra
 20232 | Lair:2   | Killed a four-headed hydra
 20233 | Lair:2   | Reached XP level 13. HP: 69/102 MP: 0/0
 20233 | Lair:2   | Learned a level 5 spell: Agony
 20237 | Lair:2   | Reached skill level 5 in Armour
 21397 | Lair:3   | Reached skill level 5 in Stealth
 22556 | Lair:4   | Reached skill level 13 in Spellcasting
 22666 | Lair:4   | Reached **** piety under Ashenzari
 23160 | Lair:4   | Found a hole to the Spider Nest.
 23396 | Lair:4   | Found a staircase to the Shoals.
 23904 | Lair:5   | Reached ***** piety under Ashenzari
 23948 | Lair:5   | Noticed Snorg
 23960 | Lair:5   | Killed Snorg
 23961 | Lair:5   | Reached XP level 14. HP: 107/120 MP: 0/0
 23962 | Lair:5   | Reached skill level 10 in Fighting
 24086 | Lair:5   | Noticed Nessos
 24098 | Lair:5   | Killed Nessos
 24957 | Lair:5   | Found a runed translucent door.
 24959 | Lair:5   | Found a viscous altar of Jiyva.
 24961 | Lair:5   | Found a staircase to the Slime Pits.
 25393 | Lair:6   | Entered Level 6 of the Lair of Beasts
 25836 | D:11     | Identified the +4 halberd of Certain Death {vorpal, Fly
                  | Str-5 Int+2}
 26366 | D:11     | Cast into level 3 of the Abyss (a wizard)
 26415 | Abyss:3  | Paralysed by an air elemental for 1 turns
 26458 | Abyss:4  | Noticed a white draconian knight
 26512 | Abyss:4  | Reached XP level 15. HP: 61/129 MP: 0/0
 26512 | Abyss:4  | Learned a level 6 spell: Conjure Ball Lightning
 26513 | Abyss:4  | Acquired the +3 Elemental Staff {rElec rF++ rC++ AC+5}
 26513 | Abyss:4  | Found the +3 Elemental Staff {rElec rF++ rC++ AC+5}
 26515 | Abyss:4  | Acquired the +1 pair of gloves of Sloth {Dex+3 Stlth+}
 26601 | Abyss:4  | Found a corrupted altar of Lugonu.
 26923 | Abyss:4  | Noticed a tentacled starspawn
 26983 | Abyss:4  | Noticed a tentacled starspawn
 27021 | Abyss:4  | Gained mutation: You are weak. (Str -2) [a neqoxec]
 27022 | Abyss:4  | Gained mutation: Your flesh is almost immune to the effects
                  | of heat. (rF+++) [a neqoxec]
 27034 | Abyss:4  | Gained mutation: You are dopey. (Int -2) [a neqoxec]
 27036 | Abyss:4  | HP: 6/122 [large abomination (4)]
 27036 | Abyss:4  | Killed from afar by a starcursed mass

Illustrated notes

Levels and vault maps discovered:
D:1:      minmay_arrival_shattered_statue, layout_basic,
          dreamdust_ecumenical_altar_hidden_monk_grotto
D:2:      layout_loops_ring, basic_altar, roderic_lattice_a, uniq_jessica
D:3:      layout_basic, uniq_ijyb
D:4:      wad_river_or_something, layout_loops_cross,
          mainiacjoe_overflow_alcove_1, uniq_grinder
D:5:      layout_basic, minmay_temple_entry_statues_fountains, serial_shops,
          nicolae_shop_behind_doors
D:6:      layout_rooms, overflow_temple_1_default,
          amcnicky_mini_rare_corridor_liquid, skrybe_limestone_x
D:7:      layout_loops_ring, nicolae_overflow_quartered_altars, enter_ossuary_1
D:8:      cheibrodos_fzero, layout_basic, dpeg_lair_monsters, glass_columns_a
D:9:      nzn_winding_woodlands_cross [nzn_winding_woodlands_5x15_sidewinder,
          nzn_winding_woodlands_5x15_pathside_ponds,
          nzn_winding_woodlands_5x15_pockets,
          nzn_winding_woodlands_5x15_lazy_stream,
          nzn_winding_woodlands_15x15_killbox], layout_basic, st_stairs_2
D:10:     layout_loops_ring, tso_oasis_becter, gammafunk_ghost_arena,
          minmay_misc_feat_encased
D:11:     minmay_the_grid_square_5x5_4x4_mashed
          [minmay_the_grid_square_5x5_checkered_statues,
          minmay_the_grid_square_5x5_two_small,
          minmay_the_grid_square_5x5_longway, minmay_the_grid_square_5x5_three,
          minmay_the_grid_square_5x5_dogpile,
          minmay_the_grid_square_5x5_prize_monsterx,
          minmay_the_grid_square_5x5_prize_snowflake,
          minmay_the_grid_square_5x5_minibox, minmay_the_grid_square_5x5_lines,
          minmay_the_grid_square_5x5_prize_open,
          minmay_the_grid_square_5x5_prize_deathbox,
          minmay_the_grid_square_5x5_six,
          minmay_the_grid_square_5x5_almost_minimal,
          minmay_the_grid_square_5x5_two_walls_a,
          minmay_the_grid_square_5x5_eight, minmay_the_grid_square_5x5_forky],
          layout_loops_ring, minmay_liquid_box
Temple:   regret_index_temple_generic_petals
Lair:1:   layout_chaotic_city, basic_altar, st_stairs_10,
          chequers_serial_rivers_room_a, grunt_megastairs_5
Lair:2:   beast_lair_carwin_large_2, layout_regular_city
Lair:3:   layout_regular_city, chequers_serial_rivers_micro_a,
          serial_bayou_shore_b, lemuel_fruit_tree
Lair:4:   layout_regular_city, shoals_dummy_entry, spider_nest_entry_rubble,
          serial_bayou_shore_b
Lair:5:   layout_hall_layers, slime_altar_2, beast_lair_carwin_6, uniq_snorg,
          uniq_nessos
Lair:6:   gammafunk_lair_ancient_temple, layout_regular_city,
          portal_ice_cave_entry_pillars_1
Abyss:4:  base: D:7, evilmike_abyss_exit_16, evilmike_abyss_rune_tso_outpost,
          evilmike_abyss_rune_siren_acolytes, minivault_28,
          evilmike_abyss_rune_ettins, base:
IceCv

Skill      XL: |  1  2  3  4  5  6  7  8  9 10 11 12 13 14 15 |
---------------+----------------------------------------------+-----
Fighting       | 1 2 3 4 5 8 9 11 | 11.8
Spellcasting   | 3 4 5 7 9 10 11 12 13 | 13.8
Dodging        | 5 7 8 |  8.9
Stealth        | 2 4 7 8 |  8.7
Armour         | 4 6 7 8 |  8.0

Action                   |  1- 3 |  4- 6 |  7- 9 | 10-12 | 13-15 || total
-------------------------+-------+-------+-------+-------+-------++-------
Melee: Unarmed           |     3 |     1 |     3 |       |       ||     7
       Mace              |       |       |       |       |     1 ||     1
 Cast: Foxfire           |    46 |    83 |   129 |   183 |    99 ||   540
       Call Imp          |       |     5 |     4 |     7 |     5 ||    21
       Scorch            |       |     9 |   138 |   220 |   178 ||   545
       Flame Wave        |       |     1 |     2 |    21 |    43 ||    67
       Conjure Flame     |       |       |    10 |    35 |    24 ||    69
       Ensorcelled Hiber |       |       |     3 |     2 |     1 ||     6
       Inner Flame       |       |       |       |     2 |     1 ||     3
       Agony             |       |       |       |       |     3 ||     3
       Conjure Ball Ligh |       |       |       |       |     1 ||     1
Invok: Curse Item        |       |       |       |     4 |     3 ||     7
  Use: Scroll            |       |     3 |     5 |     6 |    11 ||    25
       Potion            |       |       |       |     4 |     9 ||    13
 Stab: Sleeping          |       |       |     1 |       |       ||     1
Armor: Robe              |     1 |     3 |    20 |     9 |       ||    33
       Steam dragon scal |       |       |       |     8 |       ||     8
       Acid dragon scale |       |       |       |    24 |    34 ||    58
Dodge: Dodged            |     8 |    14 |    48 |    79 |    96 ||   245
Block: Other             |       |       |     2 |    33 |    30 ||    65
       Reflection        |       |       |       |     4 |     5 ||     9

Table legend: (Time is in decaauts)
 A = Elapsed time spent in this place.
 B = Non-inter-level travel time spent in this place.
 C = Inter-level travel time spent in this place.
 D = Time resting spent in this place.
 E = Time spent auto-exploring this place.
 F = Levels seen in this place.
 G = Mean time per level.
                   A        B        C        D        E       F      G
               +--------+--------+--------+--------+--------+-----+--------+
         Total |  27088 |  26323 |    765 |   8158 |  13486 |  21 | 1289.9 |
       Dungeon |  17257 |  16721 |    536 |   5005 |   8727 |  11 | 1568.8 |
        Temple |    214 |    197 |     17 |      0 |    178 |   1 |  214.0 |
          Lair |   7556 |   7345 |    211 |   2266 |   3901 |   6 | 1259.3 |
         Abyss |    669 |    669 |      0 |    375 |      0 |   2 |  334.5 |
       Ossuary |   1390 |   1390 |      0 |    512 |    680 |   1 | 1390.0 |
               +--------+--------+--------+--------+--------+-----+--------+

Top non-repeatable levels by time:
     D:7: 2929 daAuts
     D:8: 2506 daAuts
     D:9: 2102 daAuts
  Lair:4: 1819 daAuts
  Lair:2: 1708 daAuts
     D:4: 1692 daAuts
  Lair:1: 1551 daAuts
    D:10: 1516 daAuts
 Ossuary: 1390 daAuts
     D:2: 1335 daAuts
  Lair:3: 1255 daAuts
  Lair:5: 1215 daAuts
     D:1: 1141 daAuts
     D:3: 1134 daAuts
    D:11: 1007 daAuts
